AoeStats
← Barbaricci

Fortress

509363888Analyzed
4v4 RM · 4d ago on Sep 26, 2026· 34m 29s· 8 players
Game mode
Random Map
Map size
Huge
Population
200
Speed
Normal
Resources
Standard
Victory
Conquest
Starting age
Dark Age
Ending age
Imperial Age
RankedLock teamsTeams togetherTeam positionsShared explorationLock speedFull tech treeHidden civsTurbo modeCheats
Victory
Defeat
🇫🇷 Britons · France
1004
+13
🇨🇱 Franks · Chile
911
+17
🇧🇷 Mongols · Brazil
898
+18
🇹🇷 Ethiopians · Türkiye
895
+17
🇫🇷 Slavs · France
957
-17
🇦🇺 Khmer · Australia
935
-16
🇨🇳 Varangians · China
928
-16
🇨🇴 Saxons · Colombia
925
-16
Rido
5:50 Feudal Age
6:24 Double-Bit Axe
12:31 Castle Age
10:45 Horse Collar
11:25 Gold Mining
13:53 Wheelbarrow
14:11 Bow Saw
17:46 Hand Cart
19:27 Loom
20:58 Gold Shaft Mining
20:33 Heavy Plow
24:35 Fletching
25:20 Husbandry
25:31 Bloodlines
26:36 Bodkin Arrow
26:54 Scale Barding Armor
30:47 Chain Barding Armor
33:05 Light Cavalry
37:09 Imperial Age
Barbaricci
7:48 Feudal Age
8:17 Double-Bit Axe
8:13 Horse Collar
11:41 Gold Mining
14:08 Castle Age
12:26 Stone Mining
15:16 Heavy Plow
15:28 Bow Saw
18:19 Wheelbarrow
18:24 Loom
23:11 Imperial Age
21:24 Fletching
21:37 Scale Mail Armor
23:45 Forging
23:45 Squires
23:30 Arson
25:29 Conscription
26:50 Chain Mail Armor
27:54 Hand Cart
28:04 Block Printing
30:04 Plate Mail Armor
28:58 Shield Wall
32:48 Iron Casting
32:04 Fletching
32:15 Elite Varangian Guard
32:32 Clerical Recruitment
33:56 Bodkin Arrow
34:03 Padded Archer Armor
alex
8:50 Feudal Age
9:37 Loom
10:28 Wheelbarrow
9:59 Double-Bit Axe
10:00 Horse Collar
11:16 Wheelbarrow
15:17 Castle Age
21:06 Imperial Age
25:03 Heavy Plow
26:11 Town Watch
26:42 Hand Cart
26:50 Gold Mining
27:13 Bow Saw
26:35 Pikeman
27:15 Squires
27:38 Conscription
26:48 Man-at-Arms
28:05 Caravan
27:43 Halberdier
28:30 Scale Mail Armor
28:40 Forging
29:08 Long Swordsman
29:45 Two-Handed Swordsman
30:34 Scale Barding Armor
30:45 Chain Mail Armor
31:07 Iron Casting
33:08 Scale Barding Armor
33:33 Plate Mail Armor
34:04 Blast Furnace
33:10 Druzhina
Rex Incognito
7:52 Feudal Age
9:22 Double-Bit Axe
11:58 Castle Age
12:39 Horse Collar
14:22 Heavy Plow
14:35 Bow Saw
20:53 Wheelbarrow
20:43 Gold Mining
25:22 Imperial Age
23:05 Stone Mining
23:18 Scale Mail Armor
23:26 Scale Barding Armor
23:31 Forging
24:18 Caravan
24:40 Chain Barding Armor
25:13 Bloodlines
25:04 Husbandry
25:37 Coinage
26:24 Iron Casting
26:12 Elite Jarl
27:39 Loom
Pépé
8:03 Feudal Age
8:23 Feudal Age
9:42 Wheelbarrow
12:42 Castle Age
11:47 Loom
12:05 Gold Mining
11:57 Horse Collar
12:10 Double-Bit Axe
17:20 Fletching
19:38 Pikeman
20:18 Squires
21:11 Forging
22:26 Heavy Plow
22:48 Bow Saw
23:43 Bodkin Arrow
23:50 Scale Mail Armor
25:19 Squires
30:42 Imperial Age
32:31 Hand Cart
34:06 Bracer
34:07 Padded Archer Armor
34:43 Iron Casting
34:24 Chain Mail Armor
e4gl3
1:48 Loom
6:02 Feudal Age
6:47 Double-Bit Axe
12:44 Castle Age
10:48 Horse Collar
14:18 Heavy Plow
14:32 Bow Saw
19:52 Scale Mail Armor
20:02 Forging
19:57 Squires
21:19 Chain Mail Armor
22:18 Stone Mining
22:18 Gold Mining
22:30 Gold Mining
23:51 Crossbowman
24:36 Thumb Ring
28:33 Wheelbarrow
27:48 Town Watch
32:22 Imperial Age
32:02 Iron Casting
31:37 Padded Archer Armor
31:27 Fletching
32:54 Hand Cart
32:44 Town Patrol
32:40 Arbalester
33:56 Halberdier
Cara do Tapinha
7:31 Feudal Age
12:38 Castle Age
12:09 Wheelbarrow
12:48 Double-Bit Axe
12:48 Horse Collar
16:00 Fletching
18:21 Loom
21:52 Padded Archer Armor
23:46 Hand Cart
24:59 Bodkin Arrow
26:37 Gold Mining
30:12 Imperial Age
29:30 Ballistics
29:32 Leather Archer Armor
30:20 Elite Mangudai
32:27 Bracer
GERMANICO7222
5:58 Loom
8:49 Feudal Age
7:33 Loom
9:18 Feudal Age
10:34 Double-Bit Axe
13:13 Gold Mining
15:32 Castle Age
15:45 Wheelbarrow
18:12 Scale Barding Armor
21:33 Scale Mail Armor
24:53 Husbandry
25:29 Bow Saw
27:14 Forging
27:47 Chain Barding Armor
31:45 Imperial Age
31:38 Hand Cart
31:08 Town Watch
32:07 Capped Ram
Connection lost

Rejoining the realm…

Still unreachable

The connection could not be restored.

Session expired

The server has moved on; the page needs a fresh start.